 Dungeon Crawl Stone Soup version 0.30-a0-1043-g60ff8d5f49 (webtiles) character file.

Game seed: 13000906724674939867

198 GigaChad the Shield-Bearer (level 6, -4/48 HPs)
             Began as a Formicid Fighter on Apr 11, 2023.
             Slain by Sigmund
             ... wielding a +7 scythe of venom
              (16 damage)
             ... on level 3 of the Dungeon.
             The game lasted 00:02:48 (2267 turns).

GigaChad the Shield-Bearer (Formicid Fighter)       Turns: 2267, Time: 00:02:49

Health: -4/48      AC:  7    Str: 22    XL:     6   Next: 5%
Magic:  6/6        EV: 10    Int:  8    God:
Gold:   88         SH:  6    Dex: 13    Spells: 5/5 levels left

rFire   . . .      SeeInvis +    a - +1 war axe
rCold   . . .      Faith    .    c - +1 buckler
rNeg    . . .      Spirit   .    b - +0 scale mail
rPois   .          Reflect  .    (helmet unavailable)
rElec   .          Rampage  .    (no cloak)
rCorr   .                        (no gloves)
Will    .....                    (no boots) Stlth
                                 (no amulet)
HPRegen 0.28/turn                (no ring)
MPRegen 0.10/turn                (no ring)

@: lethally poisoned (-4 -> -19)
A: permanent stasis, dig shafts and tunnels, antennae 3, four strong arms
a: Dig, Shaft Self


You were on level 3 of the Dungeon.
You visited 1 branch of the dungeon, and saw 3 of its levels.

You collected 88 gold pieces.

Inventory:

Hand Weapons
 a - a +1 war axe (weapon)
Armour
 b - a +0 scale mail (worn)
 c - a +1 buckler (worn)
Scrolls
 f - a scroll of fear
 g - a scroll of magic mapping
Potions
 h - a potion of magic {unknown}


   Skills:
 + Level 3.8 Fighting
 + Level 4.1 Axes
 + Level 4.2 Armour
 + Level 1.0 Dodging
 + Level 4.9 Shields


You had 5 spell levels left.
You didn't know any spells.
Your spell library was empty.

Dungeon Overview and Level Annotations

Branches:
Dungeon (3/15)

Altars:
Yredelemnul

Annotations:
D:3 Sigmund


Innate Abilities, Weirdness & Mutations

You cannot be hasted, slowed, berserked, paralysed or teleported.
You can dig through walls and to a lower floor.
You have a pair of large antennae on your head. (SInv)
Your four strong arms can wield two-handed weapons with a shield.


Message History

You barely miss the orc. The orc hits you with a +0 hand axe.
You barely miss the orc. The orc hits you with a +0 hand axe.
You barely miss the orc. You block the orc's attack. The orc barely misses you.
You hit the orc.
The orc is moderately wounded.
The orc hits you with a +0 hand axe.
You hit the orc.
The orc is severely wounded.
You block the orc's attack.
You hit the orc.
You kill the orc!
No target in view!
HP restored.
You see here a +0 hand axe.
You sense a monster nearby.
A goblin comes into view. It is wielding a +0 club.
Found a plate armour.
The goblin closely misses you.
You closely miss the goblin. You block the goblin's attack.
You slash the goblin!
You kill the goblin!
No target in view!
Sigmund the Dreaded comes into view.
He is wielding a +7 scythe of venom.
Sigmund shouts!
Sigmund hits you with a +7 scythe of venom!
You are poisoned.
You feel very sick.
Sigmund hits you with a +7 scythe of venom!
You are lethally poisoned!
You hit Sigmund.
Sigmund is lightly wounded.
You feel extremely sick.
You barely miss Sigmund.
Sigmund is lightly wounded.
* * * LOW HITPOINT WARNING * * *
You feel very sick.
Sigmund points at you and mumbles some strange words.
You resist with some effort.
Sigmund hits you with a +7 scythe of venom!
You die...

#......#
#........#####
#.###### #.########
#.# #.. #.# #. #.#
{ { #.# #)#
#.####.############
#....#....)....@[.#
#....#######.#.@..#
#....#.......#....#
#.####.......#....#
#............#....#
###################


You could see Sigmund.

Vanquished Creatures
  Terence (D:2)
  3 orc wizards (D:3)
  4 adders (D:2)
  A worm (D:2)
  A dart slug (D:1)
  3 orcs (D:3)
  8 endoplasms
  A giant cockroach (D:2)
  2 hobgoblins
  5 kobolds
  2 quokkas
  9 ball pythons
  3 bats
  A frilled lizard (D:2)
  10 goblins
  4 rats
58 creatures vanquished.

Notes
Turn   | Place    | Note
-------+----------+-------------------------------------------
     0 | D:1      | GigaChad the Formicid Fighter began the quest for the Orb.
     0 | D:1      | Reached XP level 1. HP: 18/18 MP: 1/1
   150 | D:1      | Reached XP level 2. HP: 24/24 MP: 2/2
   347 | D:1      | Reached XP level 3. HP: 29/29 MP: 3/3
   350 | D:1      | You fall into a shaft and drop 1 floor!
  1031 | D:2      | Reached XP level 4. HP: 36/36 MP: 4/4
  1322 | D:2      | Found a basalt altar of Yredelemnul.
  1323 | D:2      | Noticed Terence
  1333 | D:2      | Killed Terence
  1334 | D:2      | Reached XP level 5. HP: 31/42 MP: 5/5
  1619 | D:2      | Found a faded altar of an unknown god.
  1765 | D:3      | Reached skill level 1 in Dodging
  1765 | D:3      | Reached XP level 6. HP: 5/48 MP: 6/6
  2262 | D:3      | Noticed Sigmund
  2267 | D:3      | Slain by Sigmund

Illustrated notes

Levels and vault maps discovered:
D:1:      dpeg_chamrin_arrival_tetris, layout_loops_ring, nicolae_eternal_life
D:2:      layout_basic, hellmonk_ecumenical_altar_prayer_group, basic_altar,
          uniq_terence
D:3:      layout_basic, grunt_temple_overflow_holy_war, ebering_ghost_gozag,
          uniq_sigmund

Skill      XL: |  1  2  3  4  5 |
---------------+----------------+-----
Axes           | 3 4 |  4.1
Armour         | 4 |  4.2
Dodging        | 1 |  1.0
Fighting       | |  3.8
Shields        | |  4.9

Action                     |  1- 3 |  4- 6 || total
---------------------------+-------+-------++-------
  Melee: War axe           |   101 |    79 ||   180
    Use: Scroll            |       |     4 ||     4
         Potion            |       |     1 ||     1
 Armour: Scale mail        |    50 |    37 ||    87
  Dodge: Dodged            |    36 |    49 ||    85
  Block: Buckler           |    26 |    23 ||    49

Table legend: (Time is in decaauts)
 A = Elapsed time spent in this place.
 B = Non-inter-level travel time spent in this place.
 C = Inter-level travel time spent in this place.
 D = Time resting spent in this place.
 E = Time spent auto-exploring this place.
 F = Levels seen in this place.
 G = Mean time per level.
                   A        B        C        D        E       F      G
               +--------+--------+--------+--------+--------+-----+--------+
         Total |   2336 |   2286 |     50 |    348 |   1445 |   3 |  778.7 |
       Dungeon |   2336 |   2286 |     50 |    348 |   1445 |   3 |  778.7 |
               +--------+--------+--------+--------+--------+-----+--------+

Top non-repeatable levels by time:
     D:2: 954 daAuts
     D:1: 840 daAuts
     D:3: 541 daAuts
